Map: Acropolis LE

Players

TIME (Oliveira) - Winner!

  • Race: Terran Terran
  • Spawn Location: 11:00

Clem

  • Race: Terran Terran
  • League: Grandmaster
  • Spawn Location: 5:00

Event: 2019 WCS Summer

VOD

Have the link to the VOD?

Description

Time

  • Played on: July 13, 2019, 1:44 p.m.
  • Length: 11:52

All games in this series

Show
View Real Time Build Order
Export as new Build Order

TIME Terran - Winner!

Build Orders: Reaper Expand 

Get SALT Encoding   

  12  0:00  SCV  
  13  0:12  SCV  
  14  0:17  Supply Depot  
  14  0:25  SCV  
  15  0:38  SCV  
  15  0:39  Barracks  
  16  0:43  Refinery  
  16  0:50  SCV  
  17  1:03  SCV  
  18  1:15  SCV  
  19  1:26  Reaper  
  19  1:27  Orbital Command  
  20  1:44  Command Center  
  20  1:49  Supply Depot  
  20  1:53  SCV, Supply Depot  
  21  1:58  Marine  
  22  2:05  SCV  
  23  2:09  Factory  
  23  2:15  Refinery  
  23  2:17  SCV  
  23  2:21  Barracks Reactor  
  24  2:29  SCV  
  25  2:30  Barracks  
  25  2:42  SCV  
  26  2:54  Factory Tech Lab, SCV  
  26  2:56  Orbital Command  
  26  2:58  Marine x2  
  29  3:06  SCV  
  30  3:13  Cyclone  
  30  3:17  Barracks Tech Lab  
  30  3:18  SCV  
  30  3:19  Marine  
  34  3:20  Marine  
  34  3:23  SCV  
  37  3:28  Supply Depot  
  37  3:31  SCV  
  38  3:35  Stimpack, Marine, SCV  
  38  3:38  Marine  
  41  3:43  SCV  
  41  3:47  SCV, Starport  
  42  3:51  Factory Reactor, Bunker  
  42  3:52  Marine  
  43  3:56  Marine  
  43  3:58  Marine  
  43  4:00  SCV x2  
  47  4:03  Supply Depot  
  47  4:10  Marine  
  47  4:12  SCV x2  
  47  4:14  Marine  
  51  4:22  Marine  
  53  4:24  SCV x2  
  53  4:27  Supply Depot  
  54  4:33  Medivac x2  
  54  4:34  Marine  
  54  4:36  SCV x2  
  54  4:37  Marine, Engineering Bay, Refinery  
  62  4:44  Supply Depot  
  62  4:47  Supply Depot  
  62  4:49  Marine, SCV  
  62  4:52  Marine  
  65  4:53  Siege Tank  
  65  4:56  Marine  
  65  4:57  SCV  
  70  5:04  Supply Depot  
  70  5:05  Terran Infantry Weapons Level 1  
  70  5:06  Marine  
  70  5:10  Marine, SCV  
  70  5:14  Marine  
  73  5:15  SCV  
  75  5:22  SCV  
  75  5:28  Marine  
  76  5:29  SCV  
  76  5:31  Marine  
  76  5:33  Siege Tank  
  81  5:37  Starport Reactor, Supply Depot  
  81  5:38  Command Center  
  81  5:42  Marine  
  77  5:53  Marine x2  
  77  5:54  SCV  
  77  5:56  SCV  
  79  6:00  Marine  
  79  6:02  Combat Shield  
  79  6:03  Refinery  
  77  6:04  Barracks  
  77  6:06  SCV  
  77  6:07  Siege Tank  
  77  6:08  Engineering Bay  
  77  6:10  Marine, SCV  
  83  6:11  Marine  
  83  6:18  Marine, SCV  
  85  6:19  Barracks x2, Medivac  
  85  6:20  Medivac  
  85  6:22  SCV  
  85  6:25  Supply Depot  
  91  6:28  Marine  
  91  6:30  Marine  
  91  6:31  SCV  
  94  6:34  SCV, Terran Infantry Armor Level 1  
  94  6:35  Marine  
  96  6:40  Siege Tank  
  96  6:46  Marine  
  100  6:50  Orbital Command, SCV  
  100  6:51  SCV  
  100  6:52  Marine x3  
  105  7:00  Medivac x2  
  109  7:03  SCV x2  
  109  7:05  Marine  
  109  7:07  Barracks Reactor, Supply Depot  
  112  7:08  Barracks Reactor  
  112  7:11  Refinery  
  112  7:15  Marine x2, SCV x2  
  116  7:18  Marine x2  
  116  7:20  SCV  
  116  7:21  Siege Tank  
  116  7:22  Refinery, Supply Depot  
  122  7:27  SCV x2  
  122  7:28  Marine  
  125  7:33  Marine  
  125  7:35  Marine  
  127  7:38  Marine  
  127  7:40  Marine  
  127  7:43  Marine  
  130  7:48  Armory  
  130  7:49  SCV  
  130  7:50  Marine x2, SCV, Supply Depot  
  134  7:52  Marine  
  134  7:58  Marine x2  
  137  8:00  Siege Tank  
  137  8:03  SCV  
  137  8:05  Supply Depot  
  141  8:06  Supply Depot  
  141  8:09  Marine  
  141  8:11  Medivac x2  
  143  8:13  Marine  
  143  8:14  Marine  
  143  8:17  Marine  
  143  8:18  Marine x4  
  130  8:29  Marine  
  130  8:30  Marine  
  130  8:31  Marine  
  130  8:32  SCV  
  124  8:37  Marine  
  124  8:38  Marine  
  124  8:39  Marine  
  117  8:41  SCV x2  
  117  8:42  Terran Infantry Weapons Level 2, Terran Infantry Armor Level 2  
  117  8:44  Marine x2, SCV  
  117  8:45  Siege Tank, Medivac  
  117  8:46  Medivac  
  127  8:51  Marine  
  127  8:53  SCV  
  127  8:54  Factory  
  129  8:57  Marine, Terran Vehicle Weapons Level 1  
  129  9:00  SCV x2  
  132  9:02  Marine  
  132  9:04  Marine x2  
  137  9:10  Marine  
  137  9:14  Command Center  
  137  9:16  Marine  
  135  9:25  Marine  
  135  9:26  Marine  
  135  9:27  Marine  
  135  9:31  Marine x5  
  127  9:33  SCV  
  127  9:35  Marine  
  127  9:37  Siege Tank  
  127  9:38  Medivac x2  
  135  9:41  Factory Tech Lab  
  135  9:42  Marine  
  133  9:46  Marine x2  
  133  9:50  Marine x3  
  138  9:53  Missile Turret  
  138  9:58  Marine x2  
  140  10:00  Siege Tank, Marine  
  140  10:02  Marine  
  145  10:12  Marine x2  
  145  10:13  Marine x2  
  137  10:16  Siege Tank  
  137  10:19  Marine  
  137  10:20  Viking  
  143  10:21  SCV  
  143  10:22  Marine x2  
  143  10:24  Marine  
  143  10:26  Planetary Fortress  
  143  10:27  Marine, SCV x2  
  143  10:28  Supply Depot  
  144  10:30  Marine x2  
  144  10:31  Marine  
  144  10:33  Viking, Marine  
  144  10:35  SCV  
  151  10:37  Marine  
  151  10:40  Siege Tank  
  151  10:41  Marine x2  
  154  10:43  Marine  
  154  10:46  Marine, SCV  
  154  10:48  Marine x2  
  154  10:49  Marine  
  153  10:51  Marine  
  153  10:54  Marine  
  149  10:57  SCV  
  149  10:59  Marine  
  149  11:02  Siege Tank  
  149  11:03  SCV x2  
  149  11:04  SCV  
  155  11:07  Marine  
  155  11:09  Marine, SCV  
  158  11:13  Viking, Marine  
  158  11:15  SCV  
  158  11:20  Marine x5  
  158  11:23  Marine  
Show
View Real Time Build Order
Export as new Build Order

Clem Terran 

Build Orders: Gas First Reaper Expand 

Get SALT Encoding   

  12  0:00  SCV  
  13  0:12  SCV  
  14  0:17  Supply Depot  
  14  0:25  SCV  
  14  0:27  Refinery  
  15  0:38  SCV  
  16  0:44  Barracks  
  16  0:50  SCV  
  17  1:03  SCV  
  18  1:15  SCV  
  19  1:30  Orbital Command  
  19  1:31  Reaper  
  20  1:45  Command Center  
  20  1:57  Factory  
  20  2:01  SCV  
  21  2:06  Barracks Reactor  
  21  2:13  SCV  
  22  2:17  Supply Depot  
  22  2:22  Refinery  
  22  2:25  SCV  
  23  2:38  SCV  
  24  2:46  Starport  
  24  2:50  SCV, Hellion  
  27  2:52  Hellion  
  29  3:01  Orbital Command  
  29  3:03  SCV  
  30  3:12  Hellion  
  32  3:13  Hellion  
  32  3:16  SCV  
  32  3:17  Barracks Tech Lab  
  35  3:26  Supply Depot  
  35  3:28  SCV x2  
  37  3:39  Raven  
  37  3:40  SCV x2  
  41  3:45  Factory Tech Lab  
  41  3:46  Marine x2  
  43  3:52  SCV x2, Supply Depot  
  45  3:58  Refinery  
  45  4:04  Marine x2, SCV  
  45  4:05  SCV  
  49  4:16  Command Center  
  49  4:18  SCV  
  49  4:21  Raven  
  49  4:23  SCV  
  53  4:31  Supply Depot  
  53  4:32  Siege Tank  
  53  4:33  SCV  
  53  4:35  SCV  
  53  4:36  Marine  
  53  4:37  Supply Depot  
  59  4:39  Marine  
  60  4:45  SCV  
  60  4:47  SCV  
  62  4:58  SCV  
  64  5:00  SCV  
  64  5:02  Supply Depot  
  64  5:05  Siege Tank  
  66  5:10  SCV  
  66  5:12  Viking x2, SCV  
  66  5:14  Marine  
  73  5:16  Supply Depot  
  73  5:17  Refinery  
  73  5:18  Stimpack  
  73  5:23  SCV  
  74  5:29  Orbital Command  
  74  5:30  SCV  
  74  5:31  Marine  
  76  5:36  SCV  
  76  5:37  Siege Tank  
  80  5:44  Viking  
  80  5:49  Viking, Marine  
  80  5:50  SCV  
  80  5:51  SCV  
  80  5:54  Orbital Command  
  81  6:02  SCV  
  81  6:03  SCV  
  83  6:07  Marine  
  83  6:08  Barracks x2  
  83  6:10  Siege Tank  
  87  6:11  Supply Depot  
  87  6:14  SCV  
  87  6:15  SCV  
  89  6:19  Supply Depot  
  89  6:20  Viking  
  89  6:23  Viking  
  89  6:24  SCV  
  94  6:26  SCV  
  94  6:28  SCV  
  94  6:30  Marine  
  97  6:34  Supply Depot  
  97  6:36  SCV  
  98  6:41  Engineering Bay, Liberator  
  98  6:42  Engineering Bay  
  98  6:44  Siege Tank  
  98  6:46  SCV  
  102  6:47  SCV  
  102  6:48  SCV  
  102  6:50  Marine  
  103  6:58  Viking  
  103  7:00  Supply Depot  
  110  7:02  Barracks Reactor x2, SCV x2  
  110  7:03  SCV  
  110  7:07  Refinery x2  
  110  7:08  Supply Depot  
  111  7:11  Marine  
  111  7:15  SCV  
  113  7:18  Combat Shield  
  113  7:21  Siege Tank  
  113  7:22  SCV x2  
  118  7:29  Marine  
  117  7:30  Supply Depot  
  117  7:33  Viking  
  117  7:36  SCV  
  119  7:38  Marine x2  
  119  7:39  Marine x2  
  119  7:42  Barracks, Terran Infantry Weapons Level 1  
  119  7:43  Barracks  
  123  7:45  Terran Infantry Armor Level 1  
  123  7:47  Marine  
  124  7:53  SCV  
  124  7:54  Supply Depot  
  124  7:55  Supply Depot  
  124  7:56  Siege Tank, Marine x4  
  130  8:03  Medivac  
  130  8:04  Command Center  
  130  8:05  Marine  
  133  8:09  Medivac  
  127  8:13  SCV  
  127  8:14  Marine x4  
  127  8:16  SCV  
  127  8:17  SCV  
  121  8:25  Marine  
  107  8:28  Siege Tank  
  107  8:32  Marine  
  107  8:33  Marine x2  
  107  8:34  Liberator  
  104  8:36  Marine  
  104  8:37  Medivac  
  95  8:43  Marine  
  95  8:44  SCV x2  
  98  8:50  Marine  
  98  8:51  Marine x2  
  98  8:54  Marine  
  105  8:56  SCV x2  
  105  9:00  Siege Tank, Marine  
  111  9:03  Armory, SCV  
  111  9:08  Marine, SCV  
  111  9:09  Liberator, Barracks Reactor, SCV  
  115  9:11  Marine  
  115  9:13  Marine  
  115  9:14  Marine  
  115  9:16  Barracks Reactor  
  118  9:18  Orbital Command, Marine  
  119  9:31  Marine, SCV x2  
  107  9:32  Siege Tank, Marine  
  107  9:33  Orbital Command  
  107  9:35  Marine x2  
  106  9:41  Marine  
  106  9:43  SCV  
  108  9:46  Marine x2  
  108  9:49  Marine  
  108  9:50  Marine  
  108  9:53  Marine x2  
  108  9:58  Marine  
  111  10:02  Marine x2  
  111  10:04  Siege Tank, Marine x2  
  111  10:06  Liberator  
  116  10:07  Marine  
  116  10:08  Medivac  
  116  10:09  Marine  
  116  10:11  Marine x2  
  117  10:16  Marine  
  117  10:18  SCV  
  117  10:20  Marine x2  
  117  10:24  SCV x2  
  117  10:25  Marine  
  117  10:26  Marine x2  
  123  10:29  Marine x2  
  123  10:32  Marine  
  126  10:36  Marine  
  126  10:37  Marine  
  126  10:41  Siege Tank  
  130  10:44  Marine  
  130  10:46  Orbital Command  
  130  10:51  Marine x2  
  130  10:54  Marine  
  130  10:55  Marine  
  131  10:57  Marine x2  
  132  11:04  Marine x3  
  135  11:11  Marine x2  
  130  11:21  Marine x2  
  130  11:22  Marine x2  
  130  11:23  Orbital Command, Marine x3  
  137  11:36  Supply Depot  
  137  11:37  Supply Depot  
  137  11:38  Supply Depot  
Tags
 
Add a new tag
Caveats
  • Supply blocks, unpowered buildings, or Contaminate may cause inaccurate times.
  • Supply counts are checked every 10 seconds.